 Dungeon Crawl Stone Soup version 0.20.1-1-g8b1a95d (webtiles) character file.

1045 Irenicus the Martial Artist (level 8, -5/54 HPs)
             Began as an Octopode Chaos Knight on Oct 16, 2017.
             Slain by Duvessa
             ... wielding a +1 rapier of venom
              (19 damage)
             ... on level 4 of the Dungeon.
             The game lasted 00:11:42 (3752 turns).

Irenicus the Martial Artist (Octopode Chaos Knight) Turns: 3752, Time: 00:11:50

Health: -5/54      AC:  1    Str: 11    XL:     8   Next: 25%
Magic:  8/8        EV: 15    Int: 15    God:    Xom [..*...]
Gold:   366        SH:  0    Dex: 13    Spells: 6/7 levels left

rFire    . . .     SeeInvis .     - Unarmed
rCold    . . .     Gourm    .   (no shield)
rNeg     . . .     Faith    .   (helmet restricted)
rPois    .         Spirit   .   (no amulet)
rElec    .         Reflect  .   (no ring)
rCorr    .         Harm     .   (no ring)
MR       .....                  (no ring)
Stlth    +++.......             (no ring)
Regen    0.2/turn               (no ring)
MPRegen  0.2/turn               (no ring)
                                (no ring)
                                (no ring)

@: lethally poisoned (-5 -> -5), berserk cooldown, slowed, very slow
A: almost no armour, stealthy swim, amphibious, 8 rings, constrict 8, camouflage
1, gelatinous body 1
a: Renounce Religion


You were on level 4 of the Dungeon.
You worshipped Xom.
You were a toy of Xom.
You were very hungry.

You visited 1 branch of the dungeon, and saw 4 of its levels.
You also visited: Ossuary.

You collected 366 gold pieces.

Inventory:

Missiles
 y - 2 throwing nets (quivered)
Jewellery
 w - an uncursed ring of ice
Wands
 q - a wand of confusion (23/48)
Scrolls
 c - 3 scrolls of identify
 g - a scroll of recharging {unknown}
 h - a scroll of remove curse
 m - 2 scrolls of immolation {unknown}
 n - 2 scrolls of magic mapping {unknown}
 o - 2 scrolls of enchant weapon {unknown}
 p - a scroll of random uselessness {unknown}
 s - a scroll of enchant armour
 v - 2 scrolls of fear
Potions
 b - 4 potions of curing
 e - a potion of heal wounds
 j - a potion of magic
 r - 4 potions of flight
 t - 2 potions of might
 u - a potion of agility
 z - a potion of invisibility {unknown}
Books
 i - a book of Beasts

   Spells                             Type                      Level
   a - Summon Butterflies             Summoning                    1
   b - Call Canine Familiar           Summoning                    3
   c - Summon Ice Beast               Ice/Summoning                4
   d - Summon Mana Viper              Hexes/Summoning              5
   e - Summon Hydra                   Summoning                    7
Comestibles
 a - 3 bread rations
 f - 3 meat rations
 k - 6 fruits
 l - 2 royal jellies


   Skills:
 + Level 4.0 Fighting
 - Level 4.2 Dodging
 - Level 1.1 Stealth
 + Level 8.7 Unarmed Combat


You had 6 spell levels left.
You knew the following spells:

 Your Spells              Type           Power        Failure   Level  Hunger
a - Summon Butterflies    Summ           #.......     26%         1    ##.....


Dungeon Overview and Level Annotations

Branches:
Dungeon (4/15)
 Temple: D:4-7

Altars:
Fedhas

Annotations:
D:4 Duvessa


Innate Abilities, Weirdness & Mutations

You cannot wear most types of armour.
You are very stealthy in the water. (Stealth+)
You are amphibious.
You can wear up to eight rings at the same time.
You can use your tentacles to constrict eight enemies at once.
Your skin changes colour to match your surroundings (Stealth+).
Your rubbery body absorbs attacks. (AC +1, EV +1)


Message History

The helpless Duvessa fails to defend herself.
You tentacle-slap Duvessa but do no damage.
Duvessa is heavily wounded.
You constrict Duvessa.
You feel sick.
The helpless Duvessa fails to defend herself.
You bludgeon Duvessa!
Duvessa is severely wounded.
You constrict Duvessa.
The helpless Duvessa fails to defend herself.
You bludgeon Duvessa!
Duvessa is severely wounded.
You constrict Duvessa.
The helpless Duvessa fails to defend herself.
You tentacle-slap Duvessa but do no damage.
Duvessa is severely wounded.
You constrict Duvessa.
You feel sick.
Duvessa is no longer petrified.
Duvessa hits you with a rapier of venom.
* * * LOW HITPOINT WARNING * * *
Duvessa hits you with a rapier of venom!!
You die...

+.........+. #.
#.........## #.
#.......## #.
##.....#### #.
##.......# #####.###
##.####.# #.......#
#.# #.#
#.#.#########.####.#
#)e@............#..<
###.#####.#.....#..#
...# #.#.........
##### #.#........#
#.#.#...#.##
#.#.##..#.#
#.#.......#
#.####..## #..


You could see Duvessa (berserk).

Vanquished Creatures
  The ghost of MrVivor the Ruffian, an amateur TrWr (Ossuary)
  Menkaure (D:4)
  An ogre (D:4)
  A centaur (D:4)
  Dowan (D:4)
  An orc priest (D:4)
  A bullfrog skeleton (D:4)
  A centaur skeleton (D:4)
  An orc wizard (D:3)
  An iguana (D:4)
  3 worker ants (D:4)
  Terence (D:2)
  A big kobold zombie (Ossuary)
  9 mummies
  3 adders
  2 oozes (D:1)
  3 dart slugs
  2 worms (D:3)
  5 leopard geckos
  4 giant cockroaches
  6 goblins
  8 hobgoblins
  2 quokkas
  7 bats
  5 frilled lizards
  5 hobgoblin zombies (Ossuary)
  7 kobolds
  A kobold zombie (Ossuary)
  An orc zombie (Ossuary)
  8 rats
93 creatures vanquished.

Notes
Turn   | Place    | Note
-------+----------+-------------------------------------------
     0 | D:1      | Irenicus the Octopode Chaos Knight began the quest for the Orb.
     0 | D:1      | Reached XP level 1. HP: 16/16 MP: 1/1
   141 | D:1      | XOM: butterfly on damage
   144 | D:1      | Reached XP level 2. HP: 13/21 MP: 2/2
   209 | D:1      | XOM: harmless Pois miscast
   272 | D:1      | Reached XP level 3. HP: 12/26 MP: 3/3
   382 | D:1      | XOM: mild Pois miscast
   660 | D:1      | XOM: cloud trail
   824 | D:2      | Reached skill level 1 in Stealth
   891 | D:2      | Noticed Terence
   897 | D:2      | XOM: butterfly on damage
   902 | D:2      | Killed Terence
   902 | D:2      | Reached skill level 4 in Unarmed Combat
   902 | D:2      | Reached XP level 4. HP: 17/31 MP: 4/4
  1431 | D:2      | XOM is BORED!
  1431 | D:2      | XOM: mild Tloc miscast
  1474 | D:2      | XOM: divination: detect creatures
  1999 | D:3      | Found a blossoming altar of Fedhas.
  1999 | D:3      | XOM: divination: detect items
  2324 | D:4      | Reached XP level 5. HP: 35/36 MP: 5/5
  2465 | D:4      | Found a sand-covered staircase.
  2573 | Ossuary  | Entered an ossuary
  2602 | Ossuary  | Reached skill level 5 in Unarmed Combat
  2607 | Ossuary  | Noticed MrVivor's ghost (amateur TrWr)
  2640 | Ossuary  | XOM: harmless Necr miscast
  2753 | Ossuary  | Killed MrVivor's ghost
  2753 | Ossuary  | Reached skill level 6 in Unarmed Combat
  2753 | Ossuary  | Reached XP level 6. HP: 43/43 MP: 6/6
  2753 | Ossuary  | Reached XP level 7. HP: 47/47 MP: 7/7
  3087 | D:4      | Reached skill level 7 in Unarmed Combat
  3221 | D:4      | XOM: fog
  3436 | D:3      | Reached skill level 8 in Unarmed Combat
  3436 | D:3      | Reached XP level 8. HP: 18/54 MP: 8/8
  3595 | D:4      | Noticed Duvessa
  3595 | D:4      | Noticed Dowan
  3620 | D:4      | XOM: god gift: papyrus book {god gift}
  3624 | D:4      | Learned a level 1 spell: Summon Butterflies
  3666 | D:4      | Noticed Menkaure
  3678 | D:4      | Killed Menkaure
  3728 | D:4      | XOM: cast spell 'Shadow Creatures'
  3731 | D:4      | Killed Dowan
  3732 | D:4      | XOM: enchant monster (good)
  3752 | D:4      | Slain by Duvessa

Skill      XL: |  1  2  3  4  5  6  7  8 |
---------------+-------------------------+-----
Stealth        | 1 |  1.1
Dodging        | 3 4 |  4.2
Unarmed Combat | 4 6 8 |  8.7
Fighting       | 4 |  4.0

Action                   |  1- 3 |  4- 6 |  7- 9 || total
-------------------------+-------+-------+-------++-------
Melee: Unarmed           |    74 |    96 |   100 ||   270
       Constrict         |    22 |    25 |    17 ||    64
       Tentacles         |    13 |    19 |    22 ||    54
       Punch             |       |       |     6 ||     6
Evoke: Wand              |       |       |     2 ||     2
  Use: Scroll            |       |     8 |       ||     8
       Potion            |       |     5 |     4 ||     9
 Stab: Sleeping          |     7 |    12 |     2 ||    21
       Confused          |       |       |     1 ||     1
       Petrified         |       |       |    10 ||    10
  Eat: Chunk             |       |     5 |     3 ||     8
Armor: Skin              |     7 |     8 |     4 ||    19
Dodge: Dodged            |    39 |    34 |    31 ||   104
